AoeStats
← Jote

Arabia

509926002Analyzed
1v1 RM · 2d ago on Sep 28, 2026· 21m 33s· 2 players
Game mode
Random Map
Map size
Tiny (2 player)
Population
200
Speed
Normal
Resources
Standard
Victory
Conquest
Starting age
Dark Age
Ending age
Imperial Age
RankedLock teamsTeams togetherTeam positionsShared explorationLock speedFull tech treeHidden civsTurbo modeCheats
Victory
Defeat
🇳🇴 Maya · Norway
1022
+17
🇬🇧 Bulgarians · United Kingdom
1035
-17
Jote
0:26 Loom
10:13 Feudal Age
12:32 Double-Bit Axe
12:42 Horse Collar
16:36 Fletching
18:21 Wheelbarrow
22:32 Castle Age
21:18 Gold Mining
Jesus Loves You
11:30 Feudal Age
12:21 Double-Bit Axe
12:40 Horse Collar
23:21 Castle Age
Connection lost

Rejoining the realm…

Still unreachable

The connection could not be restored.

Session expired

The server has moved on; the page needs a fresh start.